 Dungeon Crawl Stone Soup version 0.22-a0-414-gacd343e8ff (webtiles) character file.

40922 Findor the Cleaver (level 14, -6/153 HPs)
             Began as an Ogre Fighter on May 13, 2018.
             Was the Champion of Qazlal.
             Mangled by a death yak (18 damage)
             ... on level 5 of the Lair of Beasts.
             The game lasted 00:30:21 (15971 turns).

Findor the Cleaver (Ogre Fighter)                  Turns: 15971, Time: 00:30:22

Health: -6/153     AC: 14    Str: 27    XL:     14   Next: 13%
Magic:  20/20      EV: 19    Int:  9    God:    Qazlal [******]
Gold:   851        SH: 19    Dex: 12    Spells: 13/13 levels left

rFire    . . .     SeeInvis .   h - +3 broad axe (flame)
rCold    . . .     Gourm    .   Z - +0 shield
rNeg     . . .     Faith    .   V - +1 troll leather armour
rPois    +         Spirit   .   r - +2 hat
rElec    .         Reflect  .   a - +2 cloak {rPois}
rCorr    .         Harm     .   (gloves unavailable)
MR       +....                  (boots unavailable)
Stlth    +.........             H - amulet of regeneration
HPRegen  1.15/turn              o - +4 ring of dexterity
MPRegen  0.17/turn              B - +5 ring of evasion

@: protected from physical damage, repel missiles
A: large, unfitting armour, tough skin 1
a: Upheaval, Elemental Force, Disaster Area, Renounce Religion


You were on level 5 of the Lair of Beasts.
You worshipped Qazlal.
Qazlal was exalted by your worship.
You were not hungry.

You visited 3 branches of the dungeon, and saw 19 of its levels.
You also visited: Ossuary.

You collected 1091 gold pieces.
You spent 240 gold pieces at shops.


Innate Abilities, Weirdness & Mutations

You are too large for most types of armour.
You have tough skin. (AC +1)


   Skills:
 + Level 13.1 Fighting
 * Level 13.6 Axes
 - Level 8.0 Throwing
 + Level 9.5 Dodging
 - Level 9.0 Shields
 + Level 8.4 Invocations


You had 13 spell levels left.
You didn't know any spells.
Your spell library contained the following spells:

 Spells                   Type           Power        Failure   Level  Hunger
 Cause Fear               Hex            #.........   99%         4    #####..
 Magic Dart               Conj           #...         41%         1    ##.....
 Conjure Flame            Conj/Fire      #.......     80%         3    ####...
 Slow                     Hex            #.......     56%         2    ###....
 Throw Frost              Conj/Ice       #.....       56%         2    ###....
 Mephitic Cloud           Conj/Pois/Air  #.......     80%         3    ####...
 Summon Small Mammal      Summ           #...         41%         1    ##.....
 Blink                    Tloc           N/A          56%         2    ###....
 Iskenderun's Mystic Bla  Conj           #.......     99%         4    #####..
 Animate Dead             Necr           N/A          99%         4    #####..
 Pain                     Necr           #...         41%         1    ##.....
 Animate Skeleton         Necr           N/A          41%         1    ##.....
 Vampiric Draining        Necr           #.........   80%         3    ####...
 Freeze                   Ice            #...         41%         1    ##.....
 Summon Ice Beast         Ice/Summ       #.......     99%         4    #####..
 Ozocubu's Armour         Chrm/Ice       #.......     80%         3    ####...
 Call Imp                 Summ           #.......     56%         2    ###....
 Regeneration             Chrm/Necr      #.........   80%         3    ####...
 Recall                   Summ/Tloc      N/A          80%         3    ####...
 Death Channel            Necr           #.........   100%        6    #######
 Throw Icicle             Conj/Ice       #.......     99%         4    #####..
 Call Canine Familiar     Summ           #.......     80%         3    ####...
 Corona                   Hex            #......      41%         1    ##.....
 Simulacrum               Ice/Necr       #.........   100%        6    #######
 Portal Projectile        Hex/Tloc       #.....       80%         3    ####...
 Leda's Liquefaction      Hex/Erth       #.........   99%         4    #####..
 Inner Flame              Hex/Fire       #.......     80%         3    ####...
 Fulminant Prism          Conj/Hex       #.........   99%         4    #####..
 Dazzling Spray           Conj/Hex       #.....       80%         3    ####...
 Force Lance              Conj/Tloc      #.......     99%         4    #####..
 Searing Ray              Conj           #.....       56%         2    ###....
 Summon Lightning Spire   Summ/Air       #.......     99%         4    #####..
 Summon Guardian Golem    Hex/Summ       #.......     80%         3    ####...
 Borgnjor's Vile Clutch   Necr/Erth      #.........   100%        5    ######.

Inventory:

Hand Weapons
 h - a +3 broad axe of flaming (weapon)
   (You took it off an orc on level 8 of the Dungeon)
 P - a +2 battleaxe of freezing
   (You took it off an orc wizard on level 9 of the Dungeon)
Missiles
 j - 2 throwing nets {!f}
 n - 10 large rocks (quivered)
Armour
 a - a +2 cloak of poison resistance (worn)
   (You acquired it on level 9 of the Dungeon)
 r - a +2 hat (worn)
   (You found it on level 4 of the Dungeon)
 V - a +1 troll leather armour (worn)
   (You found it on level 12 of the Dungeon)
 Z - a +0 shield (worn)
Jewellery
 o - a +4 ring of dexterity (left hand)
   (You found it on level 8 of the Dungeon)
 z - an uncursed ring of see invisible
   (You found it on level 12 of the Dungeon)
 B - a +5 ring of evasion (right hand)
   (You found it in an ossuary)
 H - an amulet of regeneration (around neck)
   (You found it on level 5 of the Dungeon)
 L - an uncursed ring of protection from cold
   (You took it off an orc wizard on level 9 of the Dungeon)
Wands
 c - a wand of disintegration (11)
   (You found it on level 3 of the Lair of Beasts)
 d - a wand of iceblast (2)
   (You found it on level 9 of the Dungeon)
 u - a wand of scattershot (3)
   (You found it on level 3 of the Dungeon)
 v - a wand of digging (19)
   (You found it on level 1 of the Lair of Beasts)
 x - a wand of acid (10)
   (You found it on level 3 of the Dungeon)
 J - a wand of polymorph (21)
   (You found it on level 8 of the Dungeon)
 U - a wand of enslavement (19)
   (You found it on level 11 of the Dungeon)
 W - a wand of clouds (6)
   (You found it on level 1 of the Lair of Beasts)
Scrolls
 e - 6 scrolls of identify {@r1}
 i - 8 scrolls of teleportation {@r4}
 k - 4 scrolls of fear
 l - 8 scrolls of remove curse {@r2}
 m - 2 scrolls of immolation {!r}
 A - a scroll of fog
 I - 2 scrolls of magic mapping
 T - 2 scrolls of blinking
Potions
 b - 2 potions of haste {@q3}
 p - 5 potions of brilliance
 q - 3 potions of berserk rage
 s - 2 potions of curing {@q1}
 w - 6 potions of heal wounds {@q2}
 C - 4 potions of mutation {!q}
 D - 2 potions of flight
 E - 3 potions of cancellation
 G - a potion of resistance
 K - 4 potions of lignification {!q}
 M - 2 potions of ambrosia
 N - 3 potions of might
 Q - a potion of invisibility
 S - a potion of magic
 X - 5 potions of agility
Miscellaneous
 Y - a lightning rod (4/4) {!a}
   (You found it on level 3 of the Lair of Beasts)
Comestibles
 f - 36 rations
 g - 4 chunks of flesh


Message History

You block the death yak's attack.
The death yak is engulfed in freezing vapours.
The death yak gores you but does no damage.
You block the death yak's attack. The death yak gores you.
You slash the death yak! You burn the death yak.
You hit the death yak but do no damage. You slice the death yak!!
You burn the death yak. You hit the death yak. You burn the death yak.
You hit the death yak. You burn the death yak.
You block the death yak's attack. The death yak gores you!
You feel more protected from physical attacks.
The death yak is engulfed in freezing vapours.
You block the death yak's attack. The death yak gores you!
The death yak barely misses you.
You hit the death yak but do no damage. You slash the death yak!
You burn the death yak! You slash the death yak! You burn the death yak.
You slash the death yak! You burn the death yak.
You hit the death yak but do no damage. You block the death yak's attack.
The death yak completely misses you. You block the death yak's attack.
The death yak misses you.
You barely miss the death yak. You hit the death yak. You burn the death yak.
You slash the death yak! You burn the death yak.
You completely miss the death yak. You slash the death yak!
You burn the death yak. The death yak gores you!!
* * * LOW HITPOINT WARNING * * *
The death yak gores you!
* * * LOW HITPOINT WARNING * * *
The death yak is struck by lightning.
You block the death yak's attack. The death yak closely misses you.
The death yak misses you.
Unknown command.
Unknown command.
You slice the death yak!! You burn the death yak.
You kill the death yak!
Qazlal accepts your kill.
Training target 8.0 for Throwing reached!
Your Throwing skill increases to level 8!
You barely miss the death yak. You slash the death yak! You burn the death yak.
You slash the death yak! You burn the death yak.
You hit the death yak but do no damage. The death yak gores you!
* * * LOW HITPOINT WARNING * * *
You block the death yak's attack. The death yak gores you!
* * * LOW HITPOINT WARNING * * *
The death yak gores you!
* * * LOW HITPOINT WARNING * * *
You feel much better.
The death yak gores you but does no damage.
You block the death yak's attack. The death yak gores you!!
* * * LOW HITPOINT WARNING * * *
You feel more protected from physical attacks.
The death yak gores you!!
You die...

.......#.###.....#.
........................
..>.....................
........................
........................
#.P....................
#...§..§...........##.
#P.§YYY#...####.......
#..§§@.#...####.....#.
#P.§Y.§.....#......#.#
.......§§#......(.....##
.##...................#.
#..........##......###
#.......#.P###.##...##.
........P...# #........#
.......................#
.......................


You could see 4 death yaks.

Vanquished Creatures
  Kirke (Lair:4)
  3 hydras
  A two-headed ogre (D:11)
  6 death yaks (Lair:5)
  A deep elf archer (D:9)
  A lindwurm (D:12)
  A wolf spider (Lair:1)
  3 ugly things
  An orb spider (Lair:3)
  A manticore (Lair:3)
  2 black mambas
  2 gargoyles
  9 spiny frogs
  2 rime drakes
  10 komodo dragons
  2 kobold demonologists (D:12)
  3 trolls
  7 dream sheep (Lair:4)
  10 hippogriffs
  8 slime creatures
  11 blink frogs
  Eustachio (D:5)
  A spriggan (D:8)
  6 wyverns
  A vampire (D:13)
  2 hogs (Lair:4)
  A human (Lair:4)
  10 yaks
  A golden eye (shapeshifter) (D:13)
  A basilisk (shapeshifter) (D:9)
  2 hungry ghosts
  10 water moccasins
  6 porcupines
  2 hell hounds (D:11)
  A black bear (D:11)
  6 orc warriors
  A phantom (D:11)
  3 eyes of draining
  2 necrophages
  3 ice beasts
  2 sky beasts
  7 ogres
  The ghost of Perturabo the Shield-Bearer, an amateur FoFi (D:3)
  13 wolves
  5 centaurs
  7 crocodiles
  3 big kobolds
  Blork the orc (D:5)
  15 bullfrogs
  11 scorpions
  A killer bee (D:10)
  11 wights
  5 howler monkeys
  6 crimson imps
  6 centaur zombies
  3 hounds
  5 jellies
  8 orc priests
  2 quasits
  2 human zombies (D:5)
  4 bullfrog zombies
  4 centaur skeletons
  A human skeleton (D:5)
  8 orc wizards
  3 bullfrog skeletons
  Ijyb (D:3)
  3 iguanas
  14 worker ants
  A killer bee zombie (D:9)
  2 big kobold zombies (Ossuary)
  A bullfrog simulacrum (D:9)
  A hound zombie (D:11)
  A hound skeleton (D:6)
  3 mummies (Ossuary)
  A howler monkey zombie (D:11)
  Robin (D:4)
  2 worker ant zombies (D:11)
  18 adders
  2 howler monkey skeletons
  3 scorpion zombies (Ossuary)
  7 shadow imps
  2 adder skeletons (D:4)
  5 worms
  4 leopard geckos
  35 orcs
  5 bats
  5 giant cockroaches
  3 gnoll zombies (Ossuary)
  11 hobgoblins
  6 jackals
  20 kobolds
  3 quokkas
  A ball python zombie (D:2)
  9 frilled lizards
  15 goblins
  3 hobgoblin zombies (Ossuary)
  3 kobold zombies (Ossuary)
  5 orc zombies
  2 quokka zombies
  8 rats
  A fungus (Lair:3)
  A plant (Lair:4)
487 creatures vanquished.

Vanquished Creatures (others)
  3 scorpions (Ossuary)
  A bat (D:4)
  13 fungi
  12 plants
29 creatures vanquished.

Grand Total: 516 creatures vanquished

Notes
Turn   | Place    | Note
-------+----------+-------------------------------------------
     0 | D:1      | Findor the Ogre Fighter began the quest for the Orb.
     0 | D:1      | Reached XP level 1. HP: 24/24 MP: 1/1
   355 | D:1      | Reached XP level 2. HP: 29/32 MP: 2/2
  1161 | D:2      | Reached XP level 3. HP: 40/40 MP: 3/3
  1208 | D:2      | Reached skill level 3 in Dodging
  1298 | D:2      | Found an opulent altar of Gozag.
  1300 | D:2      | Found a burning altar of Makhleb.
  1344 | D:2      | Found a bloodstained altar of Trog.
  1352 | D:2      | Reached skill level 3 in Shields
  1489 | D:2      | Found a sparkling altar of Nemelex Xobeh.
  1834 | D:2      | Reached skill level 3 in Axes
  1851 | D:2      | Reached XP level 4. HP: 33/49 MP: 4/4
  1962 | D:2      | Found a transporter.
  2004 | D:2      | Found a transporter.
  2022 | D:2      | Found a shimmering altar of Xom.
  2668 | D:3      | Noticed Perturabo's ghost (amateur FoFi)
  2691 | D:3      | Killed Perturabo's ghost
  2691 | D:3      | Reached XP level 5. HP: 49/57 MP: 5/5
  2751 | D:3      | Noticed Ijyb
  2768 | D:3      | HP: 11/57 [Ijyb (1)]
  2773 | D:3      | Killed Ijyb
  2776 | D:3      | HP: 11/57 [goblin/dagger (1)]
  3051 | D:3      | Reached XP level 6. HP: 35/66 MP: 6/6
  3076 | D:3      | Noticed a hand axe
  3237 | D:3      | Noticed a dagger
  3240 | D:3      | Found a hide-covered altar of Uskayaw.
  3586 | D:4      | Noticed Robin
  3621 | D:4      | Killed Robin
  3788 | D:4      | Found a glowing golden altar of the Shining One.
  3904 | D:4      | HP: 13/66 [orc wizard/magic dart (4)]
  4198 | D:4      | Identified the cursed +2 quarterstaff "Inakk" {speed, rN+ Dex+2} (You found it on level 4 of the Dungeon)
  4395 | D:4      | Found a staircase to the Ecumenical Temple.
  4404 | Temple   | Entered the Ecumenical Temple
  4531 | Temple   | Became a worshipper of Qazlal Stormbringer
  4588 | D:5      | Entered Level 5 of the Dungeon
  4641 | D:5      | Reached XP level 7. HP: 66/74 MP: 7/7
  4662 | D:5      | Found a sand-covered staircase.
  4742 | Ossuary  | Entered an ossuary
  4957 | Ossuary  | Reached skill level 6 in Fighting
  5556 | Ossuary  | Reached XP level 8. HP: 81/84 MP: 8/8
  5571 | Ossuary  | Reached skill level 6 in Axes
  5630 | Ossuary  | Reached * piety under Qazlal
  6247 | D:5      | Noticed Eustachio
  6262 | D:5      | Killed Eustachio
  6451 | D:5      | Found a blossoming altar of Fedhas.
  6499 | D:5      | Found Mafi's Magic Scroll Boutique.
  6503 | D:5      | Bought a scroll of identify for 26 gold pieces
  6503 | D:5      | Bought a scroll of identify for 26 gold pieces
  6503 | D:5      | Bought a scroll of enchant armour for 97 gold pieces
  6503 | D:5      | Bought a scroll of identify for 26 gold pieces
  6503 | D:5      | Bought a scroll of teleportation for 39 gold pieces
  6503 | D:5      | Bought a scroll of identify for 26 gold pieces
  6559 | D:5      | Found a snail-covered altar of Cheibriados.
  6651 | D:5      | Noticed Blork the orc
  6665 | D:5      | Killed Blork the orc
  6668 | D:5      | Found a deep blue altar of Sif Muna.
  6775 | D:5      | Reached XP level 9. HP: 93/93 MP: 9/9
  7075 | D:6      | Reached ** piety under Qazlal
  7706 | D:7      | Reached skill level 6 in Dodging
  7706 | D:7      | Reached skill level 6 in Shields
  7708 | D:7      | Reached skill level 1 in Throwing
  7877 | D:7      | Reached XP level 10. HP: 106/106 MP: 10/10
  7890 | D:7      | Found a hazy altar of Hepliaklqana.
  8011 | D:7      | Reached skill level 9 in Fighting
  8079 | D:7      | Reached skill level 9 in Axes
  8191 | D:7      | Found an iron altar of Okawaru.
  8461 | D:8      | Reached skill level 1 in Invocations
  8647 | D:8      | Found a deep blue altar of Sif Muna.
  8757 | D:8      | Reached *** piety under Qazlal
  8898 | D:8      | Reached skill level 3 in Throwing
  9606 | D:9      | Found a glowing silver altar of Zin.
  9957 | D:9      | Reached skill level 3 in Invocations
  9976 | D:9      | Noticed a deep elf archer
  9981 | D:9      | Killed a deep elf archer
  9983 | D:9      | Reached XP level 11. HP: 105/117 MP: 13/13
 10346 | D:9      | Found an ancient bone altar of Kikubaaqudgha.
 10415 | D:10     | Entered Level 10 of the Dungeon
 10451 | D:10     | Reached **** piety under Qazlal
 10795 | D:10     | Found a staircase to the Orcish Mines.
 11106 | D:11     | Found a staircase to the Lair.
 11120 | D:11     | Noticed a two-headed ogre
 11142 | D:11     | Killed a two-headed ogre
 11292 | D:11     | Found a glowing golden altar of the Shining One.
 11376 | D:11     | Reached ***** piety under Qazlal
 11588 | D:11     | Found a shimmering altar of Xom.
 11739 | D:12     | Noticed a green ugly thing
 11754 | D:12     | Killed a green ugly thing
 11947 | D:12     | Noticed a two-headed ogre
 11951 | D:12     | Noticed a lindwurm
 11951 | D:12     | a two-headed ogre changed into a lindwurm
 11958 | D:12     | Killed a lindwurm
 11958 | D:12     | Reached XP level 12. HP: 70/130 MP: 15/15
 12434 | D:13     | Noticed an ettin
 12490 | Lair:1   | Entered Level 1 of the Lair of Beasts
 12588 | Lair:1   | Reached skill level 6 in Invocations
 12684 | Lair:1   | Reached skill level 6 in Throwing
 12819 | Lair:1   | Reached skill level 12 in Axes
 12929 | Lair:1   | Reached ****** piety under Qazlal
 13415 | Lair:2   | Reached skill level 12 in Fighting
 13415 | Lair:2   | Reached XP level 13. HP: 113/140 MP: 16/18
 14238 | Lair:3   | Found a hole to the Spider Nest.
 14427 | Lair:3   | Found a staircase to the Shoals.
 14975 | Lair:4   | Reached skill level 9 in Shields
 14978 | Lair:4   | Noticed Kirke
 14991 | Lair:4   | Killed Kirke
 14991 | Lair:4   | Reached skill level 9 in Dodging
 15337 | Lair:4   | Got a slimy robe
 15348 | Lair:4   | Identified the +1 robe of the Known World {Dex+5} (You found it on level 4 of the Lair of Beasts)
 15783 | Lair:5   | Reached XP level 14. HP: 141/150 MP: 20/20
 15895 | Lair:5   | Found a staircase to the Slime Pits.
 15970 | Lair:5   | HP: 24/153 [death yak (10)]
 15971 | Lair:5   | Mangled by a death yak

Vault maps used:
D:1:      elethiomel_arrival_infinity_welcomes_careful_drivers,
          lemuel_old_faithful
D:2:      gammafunk_temple_overflow_arena, lemuel_doored_altar,
          grunt_temple_overflow_open, trog_three_pillars_becter
D:3:      dancing_weapons_uskayaw, uniq_ijyb
D:4:      tso_oasis_becter, lemuel_temple_firewalk_a, uniq_robin
D:5:      lemuel_round_altar, marbit_many_paths, first_ration, serial_shops,
          shop, nicolae_ossuary_entry_catacombs, tgw_sif, uniq_eustachio
D:7:      lemuel_round_altar, old_standard_altar
D:8:      kennysheep_big_flooded_room, nicolae_overflow_crystal_walls,
          grunt_pizzeria, minmay_bent
D:9:      old_standard_altar, lemuel_coloured_pillars_altar,
          minmay_diamond_spiral
D:10:     minmay_opposing_rooms, orc_0_dummy
D:11:     minmay_lair_entry_lava, basic_altar, nicolae_tso_carved_into_rock
D:13:     lemuel_troll_bridge, david_vaults_4
Temple:   nicolae_temple_figure_zero
Lair:1:   minmay_lair_venomous_thicket, beast_lair_carwin_1
Lair:2:   lemuel_fruit_tree
Lair:3:   minmay_shoals_entry_beasts, nicolae_spider_entry_orb_guardian,
          minmay_hedge_maze
Lair:4:   hibernation_bobbens, uniq_kirke
Lair:5:   minmay_slime_entry_pillars
Ossuary:  ossuary_minmay_scorpions

Action                   |  1- 3 |  4- 6 |  7- 9 | 10-12 | 13-15 || total
-------------------------+-------+-------+-------+-------+-------++-------
Melee: War axe           |   147 |   157 |   308 |   710 |    93 ||  1415
       Broad axe         |       |       |       |       |   141 ||   141
Throw: Large rock        |       |     1 |     1 |     2 |     6 ||    10
Evoke: Wand              |       |       |     7 |    10 |       ||    17
       Lightning rod     |       |       |       |       |     3 ||     3
  Use: Scroll            |     1 |     8 |    13 |    10 |     9 ||    41
       Potion            |       |     3 |     1 |     1 |     1 ||     6
 Stab: Sleeping          |     1 |       |       |       |       ||     1
  Eat: Chunk             |     3 |     7 |     3 |    21 |     9 ||    43
       Ration            |       |     1 |     2 |       |       ||     3
Armor: Robe              |    22 |    37 |    55 |    52 |       ||   166
       Troll leather arm |       |       |       |    35 |    31 ||    66
Dodge: Dodged            |    57 |    55 |   114 |   267 |   120 ||   613
       Deflected         |       |       |       |     2 |       ||     2
Block: Shield            |    67 |    79 |   131 |   502 |   206 ||   985
